AoeStats
← zamithdaniel

Arena

508957255Analyzed
2v2 RM · 8d ago on Sep 24, 2026· 27m 51s· 4 players
Game mode
Random Map
Map size
Medium (4 player)
Population
200
Speed
Normal
Resources
Standard
Victory
Conquest
Starting age
Dark Age
Ending age
Imperial Age
RankedLock teamsTeams togetherTeam positionsShared explorationLock speedFull tech treeHidden civsTurbo modeCheats
Victory
Defeat
🇨🇴 Celts · Colombia
988
+16
🇦🇷 Teutons · Argentina
981
+18
🇹🇷 Khmer · Türkiye
996
-17
🇹🇷 Britons · Türkiye
996
-17
zamithdaniel
10:55 Feudal Age
17:52 Castle Age
16:15 Stone Mining
20:06 Gold Mining
20:42 Scale Mail Armor
20:53 Forging
21:12 Double-Bit Axe
21:54 Chain Mail Armor
22:01 Horse Collar
23:54 Iron Casting
M4n0_Hombremago
5:17 Loom
10:41 Feudal Age
11:29 Loom
15:19 Castle Age
13:53 Stone Mining
14:32 Loom
16:10 Elite Skirmisher
18:56 Double-Bit Axe
19:16 Fletching
24:42 Horse Collar
sanctamensis
6:43 Loom
9:23 Feudal Age
9:55 Double-Bit Axe
15:50 Castle Age
14:24 Horse Collar
17:14 Bloodlines
17:05 Husbandry
20:25 Fletching
20:35 Padded Archer Armor
20:41 Scale Barding Armor
NESIH ABE
11:58 Feudal Age
16:29 Castle Age
15:44 Double-Bit Axe
20:39 Fletching
24:39 Bodkin Arrow
24:43 Stone Mining
Connection lost

Rejoining the realm…

Still unreachable

The connection could not be restored.

Session expired

The server has moved on; the page needs a fresh start.